 Dungeon Crawl Stone Soup version 0.28-a0-1087-gf3fc490d9d (webtiles) character file.

Game seed: 2985105562036107382

342 Gwenloh the Chiller (level 6, -4/46 HPs)
             Began as a Mummy Ice Elementalist on Dec 10, 2021.
             Killed from afar by a steam dragon (18 damage)
             ... with a ball of steam
             ... on level 4 of the Dungeon.
             The game lasted 00:12:47 (4334 turns).

Gwenloh the Chiller (Mummy Ice Elementalist)        Turns: 4334, Time: 00:12:48

Health: -4/46      AC:  2    Str: 11    XL:     6   Next: 30%
Magic:  9/12       EV: 12    Int: 17    God:
Gold:   180        SH:  0    Dex: 12    Spells: 7/14 levels left

rFire   x . .      SeeInvis .   m - +2 trident (vorpal)
rCold   + . .      Faith    .   (no shield)
rNeg    + + +      Spirit   .   a - +0 robe
rPois   ∞          Reflect  .   (no helmet)
rElec   .          Harm     .   (no cloak)
rCorr   .          Rampage  .   (no gloves)
Will    .....                   (no boots)
Stlth   ++........              (no amulet)
HPRegen 0.15/turn               (no ring)
MPRegen 0.13/turn               (no ring)

@: freezing walls
A: cold resistance 1, negative energy resistance 3, torment resistance 2, heat
vulnerability 1, no potions
a: no special abilities


You were on level 4 of the Dungeon.
You visited 1 branch of the dungeon, and saw 4 of its levels.

You collected 262 gold pieces.
You spent 82 gold pieces at shops.

Inventory:

Hand Weapons
 b - a +0 short sword
 d - a +0 dagger of venom
 m - a +2 vorpal trident (weapon)
Missiles
 e - 77 stones (quivered)
 i - 17 poisoned darts
 j - 2 curare-tipped darts
Armour
 a - a +0 robe (worn)
Magical Staves
 g - a staff of death
Wands
 l - a wand of flame (21)
Scrolls
 c - a scroll of magic mapping {unknown}
 f - a scroll of blinking
 h - a scroll of noise {unknown}
 k - a scroll of vulnerability {unknown}
 n - a scroll of identify {unknown}


   Skills:
 + Level 2.9 Fighting
 - Level 1.5 Dodging
 - Level 1.5 Stealth
 + Level 4.6 Spellcasting
 * Level 5.1 Ice Magic


You had 7 spell levels left.
You knew the following spells:

 Your Spells              Type           Power      Damage    Failure   Level
a - Freeze                Ice            84%        1d10      1%          1
b - Frozen Ramparts       Ice            42%        1d6       5%          3
c - Ozocubu's Armour      Ice            21%        N/A       5%          3

Your spell library contained the following spells:

 Spells                   Type           Power      Damage    Failure   Level
 Blink                    Tloc           6%         N/A       22%         2
 Portal Projectile        Hex/Tloc       6%         N/A       41%         3
 Hailstorm                Conj/Ice       12%        3d5       45%         4
 Excruciating Wounds      Necr           1%         N/A       99%         5
 Manifold Assault         Tloc           3%         N/A       99%         5
 Blade Hands              Tmut           Unusable   N/A       N/A         5
 Storm Form               Tmut/Air       Unusable   N/A       N/A         7

Dungeon Overview and Level Annotations

Branches:
Dungeon (4/15)
 Temple: D:4-7

Altars:

Shops:
D:1 (![(*


Innate Abilities, Weirdness & Mutations

You are immune to poison.
Your flesh is cold resistant. (rC+)
You are immune to negative energy. (rN+++)
You are immune to unholy pain and torment.
You are vulnerable to heat. (rF-)
You do not drink.


Message History

The wall freezes the quokka skeleton but does no damage.
The quokka skeleton closely misses you.
The quokka skeleton completely resists.
The wall freezes the quokka skeleton but does no damage.
The quokka skeleton bites you.
You puncture the quokka skeleton!
You destroy the quokka skeleton!
The frozen ramparts melt away.
HP restored.
Magic restored.
You pick up an Inescapable Atlas and begin reading...
You add the spells Blink and Manifold Assault to your library.
You now have 180 gold pieces (gained 10).
A steam dragon comes into view.
Found an escape hatch in the ceiling.
Casting: Frozen Ramparts (dangerous; 5% risk of failure)
Confirm with . or Enter, or press ? or * to list all spells.
Casting: Frozen Ramparts (dangerous; 5% risk of failure)
Press: ? - help, Dir - look around, f - activate The walls around you are covered in ice.
The steam dragon hisses angrily.
The wall freezes the steam dragon.
You hit the steam dragon.
The steam dragon is lightly wounded.
The wall freezes the steam dragon.
The steam dragon breathes steam at you. The ball of steam hits you!!
The steam scalds you terribly!
Ouch! That really hurt!
The wall freezes the steam dragon.
The steam dragon closely misses you. The steam dragon claws you.
You are too injured to fight recklessly!
Unknown command.
Unknown command.
You are too injured to fight recklessly!
You puncture the steam dragon!
The steam dragon is severely wounded.
You are engulfed in a cloud of scalding steam.
The wall freezes the steam dragon.
The steam dragon breathes steam at you. The ball of steam hits you!!
The steam scalds you terribly!
You die...

#. #. #. #. #.
#.
.#####D#########
.<.....@........
#########§######
..........#
########..# #..#
# #..# #. #..#
###.##..#####
............#


You could see a steam dragon (catching breath).

Vanquished Creatures
  Grinder (D:3)
  Terence (D:3)
  4 adders (D:2)
  A white imp (D:3)
  An adder zombie (D:2)
  3 worms
  2 dart slugs
  A bat skeleton (D:2)
  A bat zombie (D:2)
  5 endoplasms
  2 giant cockroaches
  5 goblins
  6 hobgoblins
  4 jackals (D:1)
  2 quokkas
  8 ball pythons
  5 bats
  5 frilled lizards (D:1)
  A jackal skeleton (D:2)
  6 kobolds
  A quokka skeleton (D:4)
  A rat (D:2)
66 creatures vanquished.

Vanquished Creatures (others)
  A withered plant (D:2)
1 creature vanquished.

Grand Total: 67 creatures vanquished

Notes
Turn   | Place    | Note
-------+----------+-------------------------------------------
     0 | D:1      | Gwenloh the Mummy Ice Elementalist began the quest for the
                  | Orb.
     0 | D:1      | Reached XP level 1. HP: 13/13 MP: 4/4
   313 | D:1      | Reached XP level 2. HP: 20/20 MP: 2/5
   642 | D:1      | Found Ygya's Weapon Shop.
   718 | D:1      | Found Ymonynk's Distillery.
   803 | D:1      | Found Izedobluapo's Armour Shoppe.
   844 | D:1      | Found Xaogauro's Antique Weapon Shop.
   880 | D:1      | Reached skill level 1 in Fighting
  1199 | D:1      | Reached XP level 3. HP: 26/26 MP: 7/7
  1203 | D:1      | Learned a level 3 spell: Frozen Ramparts
  1217 | D:1      | Learned a level 3 spell: Ozocubu's Armour
  1236 | D:1      | Found Cuozuef's General Store.
  1241 | D:1      | Bought a scroll of blinking for 82 gold pieces
  1732 | D:2      | Reached skill level 4 in Ice Magic
  1897 | D:2      | Reached XP level 4. HP: 32/32 MP: 3/9
  1981 | D:2      | Found a faded altar of an unknown god.
  2826 | D:3      | Noticed Grinder
  2884 | D:3      | Noticed Terence
  3185 | D:3      | Paralysed by Grinder for 7 turns
  3200 | D:3      | Paralysed by Grinder for 2 turns
  3211 | D:3      | HP: 1/33 [Grinder (8)]
  3228 | D:3      | Killed Grinder
  3229 | D:3      | Reached XP level 5. HP: 3/39 MP: 9/11
  3229 | D:3      | Reached XP level 6. HP: 4/46 MP: 9/12
  3776 | D:3      | Reached skill level 5 in Ice Magic
  3958 | D:3      | Killed Terence
  4330 | D:4      | Noticed a steam dragon
  4334 | D:4      | Killed from afar by a steam dragon

Illustrated notes

Levels and vault maps discovered:
D:1:      psy_arrival_dodecagon, layout_basic, serial_shops,
          nicolae_shop_behind_doors, shop_coins, nicolae_shop_stone, shop_coins,
          nicolae_shop_waterfront, minmay_misc_feat_diagonals
D:2:      layout_basic, serial_undead, serial_undead_e, serial_undead_a,
          serial_undead_a, serial_undead_f, hellmonk_ecumenical_altar_blasted,
          feat_on_display
D:3:      layout_basic, cheibrodos_sewer_entry_bend, lightli_corner_chamber,
          uniq_grinder, uniq_terence
D:4:      layout_basic

Skill      XL: |  1  2  3  4  5  6 |
---------------+-------------------+-----
Spellcasting   | 3 4 |  4.6
Fighting       | 1 2 |  2.9
Ice Magic      | 4 5 |  5.1
Dodging        | |  1.5
Stealth        | |  1.5

Action                   |  1- 3 |  4- 6 || total
-------------------------+-------+-------++-------
Melee: Unarmed           |     1 |       ||     1
       Dagger            |    65 |    69 ||   134
       Trident           |       |    16 ||    16
Throw: Stone             |     1 |     6 ||     7
 Cast: Freeze            |    46 |    11 ||    57
       Frozen Ramparts   |     2 |     7 ||     9
       Ozocubu's Armour  |     1 |     4 ||     5
 Stab: Sleeping          |     3 |     3 ||     6
Armor: Robe              |    30 |    21 ||    51
Dodge: Dodged            |    77 |    52 ||   129

Table legend: (Time is in decaauts)
 A = Elapsed time spent in this place.
 B = Non-inter-level travel time spent in this place.
 C = Inter-level travel time spent in this place.
 D = Time resting spent in this place.
 E = Time spent auto-exploring this place.
 F = Levels seen in this place.
 G = Mean time per level.
                   A        B        C        D        E       F      G
               +--------+--------+--------+--------+--------+-----+--------+
         Total |   4347 |   4245 |    102 |    423 |   3102 |   4 | 1086.8 |
       Dungeon |   4347 |   4245 |    102 |    423 |   3102 |   4 | 1086.8 |
               +--------+--------+--------+--------+--------+-----+--------+

Top non-repeatable levels by time:
     D:2: 1764 daAuts
     D:1: 1283 daAuts
     D:3: 1198 daAuts
     D:4: 100 daAuts
